 Dungeon Crawl Stone Soup version 0.21-a0-450-gd87a9b2 (webtiles) character file.

7 joejoepie the Skirmisher (level 1, 0/18 HPs)
             Began as a Demonspawn Abyssal Knight on Nov 19, 2017.
             Was a Follower of Lugonu.
             Succumbed to a goblin's poison
             ... on level 1 of the Dungeon on Feb 15, 2018.
             The game lasted 00:01:43 (252 turns).

joejoepie the Skirmisher (Demonspawn Abyssal Knight) Turns: 252, Time: 00:01:44

Health: 0/18       AC:  3    Str: 12    XL:     1   Next: 83%
Magic:  2/2        EV: 11    Int: 13    God:    Lugonu [*.....]
Gold:   0          SH:  0    Dex: 12    Spells: 0/0 levels left

rFire    . . .     SeeInvis .   a - +1 hand axe
rCold    . . .     Gourm    .   (no shield)
rNeg     . . .     Faith    .   b - +0 leather armour
rPois    .         Spirit   .   (no helmet)
rElec    .         Reflect  .   (no cloak)
rCorr    .         Harm     .   (no gloves)
MR       .....                  (no boots)
Stlth    +.........             (no amulet)
HPRegen  0.06/turn              (no ring)
MPRegen  0.08/turn              (no ring)

@: lethally poisoned (0 -> -26)
A: no striking features
a: Depart the Abyss, Renounce Religion


You were on level 1 of the Dungeon.
You worshipped Lugonu.
Lugonu was aware of your devotion.
You were not hungry.

You visited 1 branch of the dungeon, and saw 1 of its levels.
You visited the Abyss 1 time.

Inventory:

Hand Weapons
 a - a +1 hand axe (weapon)
Armour
 b - a +0 leather armour (worn)
Scrolls
 d - a scroll of amnesia {unknown}
Comestibles
 c - a bread ration
 f - a chunk of flesh


   Skills:
 + Level 3.3 Fighting
 + Level 1.9 Axes
 + Level 1.8 Armour
 + Level 0.8 Dodging
 + Level 2.4 Invocations


You couldn't memorise any spells.
You didn't know any spells.

Dungeon Overview and Level Annotations

Branches:
Dungeon (1/15)

Altars:
Lugonu

Portals:
Abyss: D:1


Message History

You see here a dart slug corpse.
You feel sick. The goblin closely misses you.
You feel sick.
You see here 13 gold pieces.
You feel sick.
The goblin hits you with a dagger of venom.
You are more poisoned.
There is a large open door, spattered with blood here.
You feel sick.
The goblin hits you with a dagger of venom.
* * * LOW HITPOINT WARNING * * *
You are more poisoned.
There is a large open door here.
You slash the goblin!
You kill the goblin!
Lugonu accepts your kill.
* * * LOW HITPOINT WARNING * * *
You feel very sick.
The iron imp grins evilly.
You die...

....## ...............
..#.#. #....#.........
#. #..##.#.#...⌠....##
#.##.......#..........
......#...#((..########
.#..##...#....## g...#
#......#.....#####55..#
.....##......8.#$#sgg.#
..#............'@#55K.#
.#..##.##......'†#s5..#
...#...#.....8.#$#55..#
...#.#.......#####55..#
#...##....##.. 5...#
...#....#...#.. ####
#......##... ...
######## ### ##


You could see a demonic crawler, 2 quasits, 2 ufetubi, 2 hobgoblins and a
goblin.

Vanquished Creatures
  A dart slug (D:1)
  A bat (D:1)
  A goblin (D:1)
  A frilled lizard (D:1)
  A kobold (D:1)
5 creatures vanquished.

Notes
Turn   | Place    | Note
-------+----------+-------------------------------------------
     0 | Abyss:1  | joejoepie the Demonspawn Abyssal Knight began the quest for the Orb.
     0 | Abyss:1  | Reached XP level 1. HP: 18/18 MP: 2/2
    79 | D:1      | Escaped the Abyss
   241 | D:1      | Found a corrupted altar of Lugonu.
   241 | D:1      | Found a one-way gate to the infinite horrors of the Abyss.
   241 | D:1      | Noticed a demonic crawler
   241 | D:1      | Noticed a demonic crawler
   241 | D:1      | Noticed a quasit
   241 | D:1      | Noticed an iron imp
   241 | D:1      | Noticed a quasit
   241 | D:1      | Noticed an iron imp
   242 | D:1      | Noticed a quasit
   242 | D:1      | Noticed an iron imp
   242 | D:1      | Noticed an iron imp
   243 | D:1      | Noticed an iron imp
   245 | D:1      | Reached * piety under Lugonu
   252 | D:1      | Succumbed to a goblin's poison

Vault maps used:
D:1:      erik_arrival_cave_to_civilisation

Action                   || total
-------------------------++-------
Melee: Hand axe          ||    11
Invok: Depart the Abyss  ||     1
Armor: Leather armour    ||     2
Dodge: Dodged            ||     9

Table legend:
 A = Spawn XP
 B = Non-spawn XP
 C = Spawn XP percentage of total XP
 D = Spawn monster count
 E = Non-spawn monster count
 F = Spawn count percentage of total count
 G = Total turns spent on level
                    A         B        C        D         E        F      G
               +---------+---------+-------+---------+---------+-------+---------
         Total |       0 |      10 |   0.0 |       0 |       5 |   0.0 |   252
               +---------+---------+-------+---------+---------+-------+---------
           D:1 |       0 |      10 |   0.0 |       0 |       5 |   0.0 |   173
               +---------+---------+-------+---------+---------+-------+---------
